 Dungeon Crawl Stone Soup version 0.30-a0-711-gf4ac18a38d (webtiles) character file.

Game seed: 11518802055812635194

5085 wormed the Sneak (level 10, -13/71 (76) HPs)
             Began as a Demonspawn Fire Elementalist on Jan 22, 2023.
             Was an Initiate of Vehumet.
             Mangled by a revenant (19 damage)
             ... on level 1 of the Abyss.
             The game lasted 00:15:20 (10294 turns).

wormed the Sneak (Demonspawn Fire Elementalist)    Turns: 10294, Time: 00:15:21

HP:   -13/71 (76)   AC:  7    Str:  8    XL:     10   Next: 31%
MP:   19/19         EV: 28    Int: 21    God:    Vehumet [......]
Gold: 456           SH:  0    Dex: 14    Spells: 12/21 levels left

rFire   + . .      SeeInvis +    G - +5 spear of Moaph {flame, Will+}
rCold   . . .      Faith    .    (no shield)
rNeg    . . .      Spirit   .    o - +0 troll leather armour
rPois   .          Reflect  .    (no helmet)
rElec   .          Harm     .    (no cloak)
rCorr   .          Rampage  .    (gloves unavailable)
Will    +....                    (no boots)
Stlth   +++                      q - amulet of the acrobat
HPRegen 1.11/turn                u - ring of protection from fire
MPRegen 0.16/turn                s - ring of see invisible

@: about to teleport, acrobatic, drained
A: slimy green scales 2, ignite blood 1, powered by death 1, demonic touch 3
a: Renounce Religion


You were on level 1 of the Abyss.
You worshipped Vehumet.
Vehumet was noncommittal.
You visited 2 branches of the dungeon, and saw 10 of its levels.
You visited the Abyss 1 time.

You collected 456 gold pieces.

Inventory:

Hand Weapons
 G - the +5 spear of Moaph (weapon) {flame, Will+}
   (You found it on level 6 of the Dungeon)

   Will:      It increases your willpower.
Armour
 o - a +0 troll leather armour (worn)
Jewellery
 g - a ring of resist corrosion
 j - a +6 ring of dexterity
 m - a ring of magical power
 q - an amulet of the acrobat (around neck)
 s - a ring of see invisible (right hand)
 t - a ring of flight
 u - a ring of protection from fire (left hand)
 y - a ring of willpower
 C - a +5 ring of evasion
Wands
 k - a wand of digging (5)
 E - a wand of roots (14)
 I - a wand of polymorph (11)
Scrolls
 a - 2 scrolls of fear
 c - 2 scrolls of teleportation
 i - a scroll of butterflies
 l - 2 scrolls of enchant armour
 D - a scroll of amnesia
Potions
 b - a potion of magic
 d - 5 potions of lignification
 e - a potion of curing
 h - 3 potions of heal wounds
 n - a potion of berserk rage {unknown}
 r - 3 potions of brilliance {unknown}
 v - a potion of attraction {unknown}
 z - 3 potions of invisibility {unknown}
 B - 4 potions of degeneration {unknown}
 H - 2 potions of might {unknown}


   Skills:
 + Level 6.2 Fighting
 + Level 6.0 Dodging
 + Level 6.3 Stealth
 + Level 6.1 Spellcasting
 + Level 6.2 Conjurations
 + Level 6.3 Fire Magic


You had 12 spell levels left.
You knew the following spells:

 Your Spells              Type           Power      Damage    Failure   Level
a - Foxfire               Conj/Fire      100%       2x1d9     1%          1
b - Scorch                Fire           64%        2d8       1%          2
c - Inner Flame           Hex/Fire       19%        N/A       12%         3
d - Stone Arrow           Conj/Erth      38%        3d9       12%         3

Your spell library contained the following spells:

 Spells                   Type           Power      Damage    Failure   Level
 Flame Wave               Conj/Fire      32%        2d9       11%         4
 Sandblast                Erth           12%        2d6       14%         1
 Kindle Blastsparks       Fire/Tloc/Air  30%        2d12      19%         3
 Mephitic Cloud           Conj/Pois/Air  15%        N/A       19%         3
 Cigotuvi's Dreadful Rot  Necr/Pois/Air  12%        N/A       22%         2
 Ensorcelled Hibernation  Hex/Ice        12%        N/A       22%         2
 Passwall                 Tmut/Erth      5%         N/A       22%         2
 Poisonous Vapours        Pois/Air       12%        N/A       22%         2
 Spider Form              Tmut/Pois      6%         N/A       38%         3
 Anguish                  Hex/Necr       3%         N/A       80%         4
 Freezing Cloud           Conj/Ice/Air   7%         6-21      86%         5
 Simulacrum               Ice/Necr       3%         N/A       100%        6
 Polar Vortex             Ice            3%         N/A       100%        9


Dungeon Overview and Level Annotations

Branches:
Dungeon (9/15)             Temple (1/1) D:7
   Lair: D:8-11         Orc: D:9-12

Altars:
Ashenzari
Cheibriados
Dithmenos
Gozag
Hepliaklqana
Kikubaaqudgha
Makhleb
Nemelex Xobeh
Ru
Sif Muna
Trog
Uskayaw
Vehumet
Wu Jian
Xom
Yredelemnul

Shops:
D:2 [   D:6 [

Annotations:
D:4 2 transporters, Nabski's ghost, amateur TeFE
D:8 4 runed translucent doors
D:9 Erolcha


Innate Abilities, Weirdness & Mutations

You are mostly covered in slimy green scales. (AC +3)
Your demonic aura sometimes causes spilled blood to erupt in flames.
You regenerate a little health from kills.
Your touch may irresistibly damage your foes and sap their willpower.


Message History

Erolcha shouts!
Erolcha is filled with an inner flame.
Erolcha casts a spell at you.
You are cast into the Abyss!
This branch contains the abyssal rune of Zot.
As you read the scroll of teleportation, it crumbles to dust.
You feel strangely unstable.
You feel the power of the Abyss delaying your translocation!
You are suddenly pulled into a different region of the Abyss!
Found a gateway leading deeper into the Abyss.
You are suddenly pulled into a different region of the Abyss!
A revenant comes into view.
Found a square brass amulet.
The revenant shouts!
Something unseen opens the door.
A large abomination comes into view.
A starcursed mass comes into view.
A smoke demon comes into view.
As you read the scroll of teleportation, it crumbles to dust.
You feel strangely unstable.
You feel the power of the Abyss delaying your translocation!
An ancient zyme comes into view.
You feel yourself growing ill in the presence of the ancient zyme.
The revenant hits you! The smoke demon gestures at you.
The sticky flame misses you.
A starcursed mass splits.
The starcursed mass shrieks in your mind.
The smoke demon gestures at you. Something smites you!
A chorus of shrieks assaults your mind.
You feel yourself growing ill in the presence of the ancient zyme.
The revenant lashes out with ghostly flames.
The ghostly flame explodes!
The ghostly fireball engulfs you!!!
You feel drained.
Ouch! That really hurt!
* * * LOW HITPOINT WARNING * * *
The ghostly fireball engulfs the revenant.
The revenant completely resists.
The revenant attacks as you move away! The revenant closely misses you.
The revenant attacks as you move away! The revenant hits you!!
You die...

.. .. ...
...###. # #
#.....# #.#.
.#... #.....#.#
#......# #..
.##.## #.#.#
#...# ##
####@#.# #.
#..z##.
#....##.###
......X....#.#
#.#.#.#.#...#..
#.....#.##.###
.'..x..#.# ..
+##X#+##.# ..
X. .# .


You could see a revenant and a large abomination.

Vanquished Creatures
  Pikel (D:5)
  A cyclops (D:6)
  A gargoyle (D:8)
  Maggie (D:7)
  An unseen horror (D:8)
  A troll (D:8)
  Grinder (D:5)
  2 steam dragons (D:8)
  Menkaure (D:4)
  2 water moccasins (D:5)
  An ice beast (D:8)
  4 sky beasts
  An ogre (D:7)
  3 black bears (D:6)
  3 centaurs
  2 phantoms (D:7)
  5 bullfrogs
  3 kobold brigands
  6 orc priests
  2 jellies (D:6)
  A gnoll bouda (D:8)
  2 hounds
  4 iguanas
  4 orc wizards
  9 adders
  2 shadow imps
  A white imp (D:8)
  2 ufetubi
  2 worms
  4 dart slugs
  12 orcs
  11 endoplasms
  3 giant cockroaches
  4 goblins
  6 hobgoblins
  2 jackals (D:2)
  13 kobolds
  4 quokkas
  10 ball pythons
  4 bats
  4 frilled lizards
  6 rats
  A butterfly (D:7)
153 creatures vanquished.

Vanquished Creatures (others)
  An orc wizard (D:6)
  A butterfly (D:6)
  121 foxfires
  9 plants
132 creatures vanquished.

Grand Total: 285 creatures vanquished

Notes
Turn   | Place    | Note
-------+----------+-------------------------------------------
     0 | D:1      | wormed the Demonspawn Fire Elementalist began the quest for
                  | the Orb.
     0 | D:1      | Reached XP level 1. HP: 13/13 MP: 3/3
   227 | D:1      | Gained mutation: You are partially covered in slimy green
                  | scales. (AC +2) [demonic ancestry]
   227 | D:1      | Reached XP level 2. HP: 20/20 MP: 3/5
   913 | D:2      | Reached skill level 1 in Fighting
   916 | D:2      | Learned a level 2 spell: Scorch
   988 | D:2      | Gained mutation: Your demonic aura sometimes causes spilled
                  | blood to erupt in flames. [demonic ancestry]
   988 | D:2      | Reached XP level 3. HP: 26/26 MP: 3/6
  1123 | D:2      | Found a faded altar of an unknown god.
  1335 | D:2      | Found Zeasm's Armour Shoppe.
  2261 | D:3      | Gained mutation: You are mostly covered in slimy green
                  | scales. (AC +3) [demonic ancestry]
  2261 | D:3      | Reached XP level 4. HP: 32/32 MP: 2/7
  3120 | D:3      | Learned a level 3 spell: Inner Flame
  3121 | D:4      | Noticed Menkaure
  3313 | D:4      | Killed Menkaure
  3314 | D:4      | Reached XP level 5. HP: 38/38 MP: 1/9
  4137 | D:4      | Found a transporter.
  4137 | D:4      | Found a transporter.
  4147 | D:4      | Noticed Nabski's ghost (amateur TeFE)
  4326 | D:5      | Entered Level 5 of the Dungeon
  4330 | D:5      | Noticed a lemure
  4333 | D:5      | Gained mutation: Your touch may inflict minor irresistible
                  | damage on your foes. [demonic ancestry]
  4333 | D:5      | Reached XP level 6. HP: 45/45 MP: 3/10
  4495 | D:5      | Found a shadowy altar of Dithmenos.
  4495 | D:5      | Noticed a shadow
  4498 | D:5      | Found a hazy altar of Hepliaklqana.
  4522 | D:5      | Noticed Pikel
  4532 | D:5      | Killed Pikel
  4532 | D:5      | Noticed a water moccasin
  4533 | D:5      | Gained mutation: You regenerate a little health from kills.
                  | [demonic ancestry]
  4533 | D:5      | Reached XP level 7. HP: 30/52 MP: 1/12
  4546 | D:5      | Identified the +1 robe of the Wheelwright {Harm}
  4927 | D:5      | Found a bloodstained altar of Trog.
  4927 | D:5      | Noticed Grinder
  4939 | D:5      | Killed Grinder
  4940 | D:5      | Gained mutation: Your touch may inflict irresistible damage
                  | on your foes. [demonic ancestry]
  4940 | D:5      | Reached XP level 8. HP: 60/60 MP: 2/13
  5955 | D:6      | Noticed a cyclops
  6024 | D:6      | Reached skill level 5 in Fire Magic
  6197 | D:6      | Found Teshub's Dragon-Slaying Spoils.
  6274 | D:6      | Gained mutation: Your touch may irresistibly damage your
                  | foes and sap their willpower. [demonic ancestry]
  6274 | D:6      | Reached XP level 9. HP: 66/66 MP: 4/16
  6287 | D:6      | Reached skill level 5 in Stealth
  6352 | D:6      | Found a broken altar of Ashenzari.
  6353 | D:6      | Found a shimmering blue altar of Sif Muna.
  6357 | D:6      | Found an ornate altar of the Wu Jian Council.
  6358 | D:6      | Found an ancient bone altar of Kikubaaqudgha.
  6359 | D:6      | Found a basalt altar of Yredelemnul.
  6471 | D:6      | Identified the +5 spear of Moaph {flame, Will+}
  6939 | D:6      | Killed a cyclops
  6940 | D:6      | Reached skill level 5 in Fighting
  6940 | D:6      | Reached skill level 5 in Dodging
  6940 | D:6      | Reached skill level 5 in Spellcasting
  6940 | D:6      | Reached skill level 5 in Conjurations
  7150 | D:6      | Learned a level 3 spell: Stone Arrow
  7411 | D:7      | Found a staircase to the Ecumenical Temple.
  7885 | D:7      | Found a sparkling altar of Nemelex Xobeh.
  7997 | Temple   | Entered the Ecumenical Temple
  8135 | Temple   | Became a worshipper of Vehumet
  8233 | D:7      | Noticed Maggie
  8237 | D:7      | Killed Maggie
  8652 | D:8      | Found a large runed translucent door.
  9080 | D:8      | Reached XP level 10. HP: 68/76 MP: 11/18
  9421 | D:8      | Found a large runed translucent door.
  9429 | D:8      | Found a large runed translucent door.
  9429 | D:8      | Found a large runed translucent door.
  9510 | D:8      | Noticed a gargoyle
  9629 | D:8      | Killed a gargoyle
 10155 | D:8      | Identified the +0 scale mail of Ackied {rN+}
 10210 | D:9      | Noticed Erolcha
 10211 | Abyss:1  | Cast into level 1 of the Abyss (Erolcha)
 10286 | Abyss:1  | Noticed a revenant
 10287 | Abyss:1  | Noticed a starcursed mass
 10287 | Abyss:1  | Noticed a smoke demon
 10291 | Abyss:1  | HP: 3/71 [revenant/ghostly fireball (41)]
 10294 | Abyss:1  | Mangled by a revenant

Illustrated notes

Levels and vault maps discovered:
D:1:      wander_arrival_chamber, layout_basic
D:2:      layout_basic, basic_altar, nicolae_ecumenical_snake_handling,
          serial_shops, shop_fountains, grunt_ministairs_15
D:3:      layout_basic, serial_forest, infiniplex_forest_clump_long,
          infiniplex_forest_end_1, infiniplex_forest_straight_1,
          infiniplex_forest_join, infiniplex_forest_lined_ring
D:4:      minmay_recursive_quarters, layout_loops_ring,
          gammafunk_ghost_gnarly_gnolls, uniq_menkaure
D:5:      layout_basic, riverfiend_overflow_shadow_ancestor, trog_book,
          minmay_door_square, uniq_pikel, uniq_grinder
D:6:      minmay_chambers_of_fours, layout_loops_corners,
          grunt_temple_overflow_open, nicolae_elyvilon_peaceful_grove,
          chequers_serial_rivers_room_b, dreamdust_wishing_well,
          nicolae_shop_dragon_depot
D:7:      layout_gridville, nemelex_dance_club_becter,
          minmay_temple_entry_butterflies, minmay_misc_feat_diagonals,
          uniq_maggie
D:8:      layout_basic, minmay_hollow_rounded_squares
D:9:      layout_roguey, grunt_temple_overflow_forces_of_nature,
          lemuel_round_altar, gammafunk_ghost_hive, evilmike_minifort,
          uniq_erolcha
Temple:   hellmonk_temple_beads
Abyss:1:  base: D:7, minivault_13

Skill      XL: |  1  2  3  4  5  6  7  8  9 10 |
---------------+-------------------------------+-----
Dodging        | 2 3 4 5 6 |  6.0
Stealth        | 2 3 4 6 |  6.3
Fighting       | 1 2 3 4 5 6 |  6.2
Fire Magic     | 3 4 5 6 |  6.3
Conjurations   | 2 3 4 5 6 |  6.2
Spellcasting   | 3 4 5 6 |  6.1

Action                     |  1- 3 |  4- 6 |  7- 9 | 10-12 || total
---------------------------+-------+-------+-------+-------++-------
  Melee: Unarmed           |     1 |       |       |       ||     1
         Dagger            |    36 |     6 |       |       ||    42
         Short sword       |       |    15 |    54 |       ||    69
         Touch             |       |     2 |    13 |       ||    15
         Spear             |       |       |    20 |     2 ||    22
  Throw: Throwing net      |       |       |     1 |       ||     1
   Cast: Foxfire           |    35 |     6 |    25 |     1 ||    67
         Scorch            |    24 |    36 |    47 |    34 ||   141
         Inner Flame       |       |       |    38 |     7 ||    45
    Use: Scroll            |       |     3 |    11 |     3 ||    17
         Potion            |       |       |       |     1 ||     1
   Stab: Sleeping          |     1 |       |     3 |       ||     4
         Distracted        |       |       |     1 |       ||     1
 Armour: Robe              |    17 |    10 |    15 |       ||    42
         Steam dragon scal |       |       |       |     6 ||     6
  Dodge: Dodged            |    48 |    14 |    81 |    17 ||   160

Table legend: (Time is in decaauts)
 A = Elapsed time spent in this place.
 B = Non-inter-level travel time spent in this place.
 C = Inter-level travel time spent in this place.
 D = Time resting spent in this place.
 E = Time spent auto-exploring this place.
 F = Levels seen in this place.
 G = Mean time per level.
                   A        B        C        D        E       F      G
               +--------+--------+--------+--------+--------+-----+--------+
         Total |  10300 |   9825 |    475 |    394 |   8101 |  11 |  936.4 |
       Dungeon |  10015 |   9603 |    412 |    394 |   7982 |   9 | 1112.8 |
        Temple |    202 |    139 |     63 |      0 |    119 |   1 |  202.0 |
         Abyss |     82 |     82 |      0 |      0 |      0 |   1 |   82.0 |
               +--------+--------+--------+--------+--------+-----+--------+

Top non-repeatable levels by time:
     D:6: 1850 daAuts
     D:8: 1483 daAuts
     D:7: 1317 daAuts
     D:3: 1311 daAuts
     D:4: 1233 daAuts
     D:2: 1003 daAuts
     D:5: 972 daAuts
     D:1: 842 daAuts
  Temple: 202 daAuts
 Abyss:1: 82 daAuts
     D:9: 0 daAuts
